Map: Emerald City LE

Players

univox

  • Race: Terran Terran
  • Spawn Location: 5:00

weegee

  • Race: Zerg Zerg
  • League: Diamond
  • Spawn Location: 5:00

Massa - Winner!

  • Race: Terran Terran
  • League: Platinum
  • Spawn Location: 11:00

qqq - Winner!

  • Race: Zerg Zerg
  • Spawn Location: 11:00

VOD

Have the link to the VOD?

Description

Time

  • Played on: Oct. 9, 2020, 3:50 p.m.
  • Length: 15:28
Show
View Real Time Build Order
Export as new Build Order

univox Terran 

Build Orders:  

Get SALT Encoding   

  12  0:00  SCV  
  13  0:12  SCV  
  14  0:17  Supply Depot  
  14  0:25  SCV  
  15  0:39  SCV  
  15  0:40  Barracks  
  16  0:51  SCV  
  16  0:53  Refinery  
  17  1:03  SCV  
  18  1:15  SCV  
  19  1:28  Orbital Command  
  19  1:36  Command Center  
  19  1:39  Marine  
  20  1:54  SCV  
  21  2:02  Supply Depot  
  21  2:06  SCV  
  22  2:17  Factory  
  22  2:18  SCV  
  22  2:19  Refinery  
  23  2:23  Marine  
  24  2:30  SCV  
  25  2:42  Marine  
  26  2:48  SCV  
  26  2:49  Orbital Command  
  27  2:59  Marine  
  27  3:01  Starport  
  27  3:04  SCV  
  29  3:10  Widow Mine  
  31  3:15  Refinery, SCV  
  31  3:16  SCV  
  31  3:19  Supply Depot  
  33  3:22  Supply Depot  
  33  3:27  SCV  
  33  3:28  SCV, Marine  
  33  3:32  Widow Mine  
  38  3:38  Medivac  
  38  3:40  SCV  
  41  3:48  SCV  
  42  3:49  Marine  
  42  3:52  SCV  
  42  3:54  Barracks  
  44  3:56  Barracks  
  44  4:00  SCV  
  44  4:01  Widow Mine  
  47  4:04  SCV  
  47  4:07  Reaper  
  49  4:12  SCV  
  49  4:16  SCV  
  51  4:24  SCV  
  52  4:43  Barracks  
  52  4:44  Barracks  
  52  4:45  SCV x2  
  54  4:46  Barracks  
  54  4:51  Refinery  
  54  5:12  Marine  
  54  5:13  Barracks Tech Lab  
  51  5:15  Barracks  
  51  5:19  Barracks  
  51  5:20  SCV x2, Barracks  
  53  5:25  Starport Reactor  
  53  5:26  Factory Tech Lab  
  53  5:32  SCV x2, Command Center  
  55  5:43  Barracks Reactor x2, Barracks Tech Lab  
  55  5:44  Barracks Reactor  
  55  5:49  SCV x2  
  57  5:52  Stimpack  
  57  5:55  Cyclone  
  60  6:01  SCV x2  
  61  6:10  Barracks  
  61  6:11  Barracks  
  61  6:12  Barracks  
  61  6:13  SCV  
  62  6:23  Barracks Reactor x2  
  62  6:25  Combat Shield  
  62  6:26  Barracks Reactor x2  
  62  6:39  Engineering Bay x2  
  62  6:43  SCV x2, Medivac x2  
  62  6:45  Cyclone  
  71  6:51  Armory  
  71  6:55  SCV, Marauder, Marine x3  
  71  7:00  Supply Depot  
  77  7:07  Orbital Command  
  77  7:08  Supply Depot x2  
  77  7:17  Terran Infantry Armor Level 1, Terran Infantry Weapons Level 1  
  77  7:21  SCV x2, Marine x4, Medivac  
  85  7:29  Marine x6  
  93  7:30  Marauder, Medivac  
  93  7:39  Marauder, Marine x2  
  93  7:40  Siege Tank  
  93  7:42  Marine x3  
  97  7:47  Barracks Reactor x2, Orbital Command  
  97  7:48  Barracks Reactor  
  98  7:51  Marauder  
  93  8:04  Medivac x2  
  97  8:08  Concussive Shells  
  97  8:09  Marine x4  
  101  8:35  SCV x3, Marine x2, Thor  
  101  8:36  Marauder x2  
  101  8:41  Supply Depot x3  
  97  8:48  Marine x4  
  97  8:49  Marine x2  
  102  8:57  Marauder  
  102  9:02  Marine x2  
  100  9:03  Marauder  
  100  9:04  Medivac x2  
  105  9:11  Supply Depot  
  105  9:12  Supply Depot  
  105  9:13  SCV  
  105  9:14  SCV  
  105  9:16  Missile Turret  
  107  9:26  Supply Depot  
  107  9:27  Supply Depot  
  100  9:31  Marine x2  
  100  9:32  Marauder, Marine  
  100  9:37  Marine x2  
  100  9:38  Marauder  
  109  9:39  SCV  
  110  9:51  Supply Depot  
  110  9:53  Marauder  
  110  9:56  SCV x3  
  110  9:57  Supply Depot  
  110  9:58  Marine x2  
  110  9:59  Marauder  
  110  10:09  Marine  
  110  10:10  Siege Tank  
  110  10:11  Medivac x2  
  110  10:13  SCV x3  
  121  10:15  Marauder  
  123  10:25  SCV, Terran Infantry Weapons Level 2, Command Center  
  123  10:26  Terran Infantry Armor Level 2  
  124  10:29  Supply Depot  
  119  10:44  Marauder, Marine x2  
  119  10:45  Siege Tank  
  118  11:12  Marauder x2, Marine x8  
  118  11:13  Marine x7  
  118  11:17  Medivac x2  
  137  11:20  SCV  
  137  11:22  Marine  
  133  11:34  Marauder, Marine x2  
  136  11:40  SCV x2  
  129  12:00  Marine x7  
  129  12:01  Marine x2  
  138  12:05  SCV x3  
  141  12:09  Planetary Fortress  
  141  12:15  Missile Turret  
  141  12:17  SCV  
  142  12:29  Marauder, Marine x2  
  146  12:30  Medivac x2  
  146  12:31  Thor  
  146  12:32  Marine x3  
  146  12:33  Marauder, Marine x5  
  166  12:50  Marine x6  
  166  12:51  Marine x3  
  166  13:02  Marauder, Marine x2  
  169  13:08  Marauder, Marine  
  169  13:09  Marine  
  169  13:10  Medivac x2  
  177  13:23  Marauder  
  177  13:24  Barracks x2  
  179  13:29  Marauder  
  180  13:45  Marauder  
  179  13:51  Marauder  
  148  14:06  Marauder  
  140  14:12  Marauder  
  140  14:14  Marine x2  
  140  14:15  Marine x5  
  127  14:24  Marine x2  
  127  14:25  Marine x7  
  127  14:26  Marine x2  
  127  14:27  Marauder  
  113  14:32  Marine x3  
  113  14:33  Marauder, Marine x3  
  112  14:49  Marauder  
  97  14:55  Marauder  
  89  15:01  Marine x2  
Show
View Real Time Build Order
Export as new Build Order

weegee Zerg 

Build Orders: Hatch First 

Get SALT Encoding   

  12  0:00  Drone  
  13  0:12  Overlord  
  13  0:18  Drone  
  14  0:31  Drone x2  
  17  0:35  Drone  
  17  0:56  Extractor, Hatchery  
  15  1:08  Spawning Pool  
  15  1:11  Drone  
  16  1:18  Drone x2  
  16  1:23  Drone  
  18  1:33  Overlord  
  18  1:55  Metabolic Boost  
  18  1:56  Drone  
  18  1:57  Drone  
  18  2:01  Queen  
  22  2:08  Queen  
  22  2:12  Drone  
  25  2:20  Drone  
  25  2:21  Extractor, Drone  
  26  2:35  Drone  
  26  2:36  Drone x2  
  29  2:46  Drone  
  29  2:47  Drone  
  29  2:50  Lair  
  31  2:52  Drone  
  32  3:02  Drone x2  
  32  3:04  Overlord  
  34  3:12  Drone x2  
  36  3:20  Zergling x2, Baneling Nest  
  36  3:22  Overlord  
  36  3:26  Drone  
  37  3:28  Drone x2  
  37  3:29  Drone  
  37  3:31  Extractor  
  37  3:32  Extractor  
  38  3:39  Zergling x4  
  40  3:47  Queen  
  40  3:48  Overlord  
  42  3:56  Drone x2  
  44  4:20  Centrifical Hooks  
  44  4:21  Drone x2  
  44  4:22  Drone x3  
  49  4:26  Baneling x5  
  49  4:27  Baneling, Zergling x4  
  49  4:28  Zergling x2  
  52  4:35  Queen  
  54  4:45  Zergling x6  
  57  4:53  Zergling x4  
  57  4:54  Zergling x2  
  50  5:37  Hatchery  
  50  5:40  Hatchery  
  50  5:41  Drone x4, Evolution Chamber  
  50  5:42  Drone x5  
  56  5:43  Drone x4  
  56  5:44  Evolution Chamber  
  56  5:49  Zergling x2  
  60  5:59  Infestation Pit  
  60  6:01  Zergling x2  
  60  6:02  Overlord x2  
  60  6:23  Hydralisk Den  
  56  6:33  Pneumatized Carapace  
  56  6:38  Spore Crawler x2  
  56  6:39  Spore Crawler  
  52  6:41  Spore Crawler  
  52  6:46  Zerg Missile Weapons Level 1  
  51  6:48  Zerg Ground Armor Level 1  
  51  6:50  Extractor  
  51  6:51  Pathogen Glands  
  51  6:52  Extractor  
  51  6:53  Hydralisk, Grooved Spines  
  51  6:54  Hydralisk x4  
  49  6:59  Zergling x6  
  62  7:05  Spore Crawler  
  61  7:09  Drone x2  
  61  7:15  Drone  
  62  7:30  Baneling x4  
  62  7:31  Baneling  
  58  7:38  Overlord  
  58  7:39  Overlord x2  
  58  7:43  Overlord x2  
  58  7:52  Overlord x3  
  58  8:02  Drone x2  
  58  8:03  Drone x4, Queen  
  66  8:10  Muscular Augments  
  66  8:25  Hydralisk x3  
  66  8:26  Hydralisk x2  
  72  8:31  Overlord  
  72  8:34  Drone x2  
  74  8:45  Drone x6  
  80  8:58  Zerg Ground Armor Level 2, Zerg Missile Weapons Level 2  
  80  9:06  Hydralisk x2  
  80  9:09  Drone  
  86  9:10  Drone  
  86  9:19  Drone x3  
  88  9:37  Hydralisk x6  
  88  9:38  Hydralisk x2  
  98  9:46  Queen  
  100  10:05  Zergling x4  
  100  10:06  Zergling x14  
  100  10:07  Zergling x4, Overlord x3  
  111  10:15  Lurker Den  
  110  10:22  Drone  
  110  10:23  Drone x2  
  113  10:32  Infestor x3  
  119  10:38  Baneling x4  
  119  10:39  Baneling x6  
  119  10:40  Baneling x4  
  119  10:57  Hive  
  116  11:14  Hydralisk x5  
  116  11:15  Hydralisk x3  
  132  11:18  Overlord x3  
  131  11:26  Zergling x6  
  131  11:27  Zergling x4  
  136  11:50  Zergling x2  
  136  11:51  Zergling x28  
  143  12:16  Zergling x2  
  143  12:17  Zergling x10  
  143  12:20  Zergling x6  
  138  12:35  Zergling x12  
  130  12:52  Zergling x12  
  136  13:02  Queen  
  138  13:17  Hatchery  
  130  13:29  Hydralisk x2  
  130  13:30  Hydralisk x6  
  96  14:13  Zergling x10  
  96  14:14  Zergling x6  
  77  14:27  Zergling x8  
  77  14:28  Overlord  
  81  14:44  Baneling x5  
  81  14:45  Baneling  
  81  14:46  Baneling x3  
  76  15:12  Drone  
  76  15:13  Drone x2  
Show
View Real Time Build Order
Export as new Build Order

Massa Terran - Winner!

Build Orders: Reaper Expand 

Get SALT Encoding   

  12  0:00  SCV  
  13  0:12  SCV  
  14  0:22  Supply Depot  
  14  0:24  SCV  
  15  0:43  SCV  
  15  0:45  Barracks  
  16  0:52  Refinery  
  16  0:55  SCV  
  17  1:07  SCV  
  18  1:19  SCV  
  19  1:32  Orbital Command  
  19  1:36  Reaper  
  20  1:42  Command Center  
  20  1:57  SCV  
  20  2:00  Supply Depot  
  21  2:13  Factory  
  21  2:16  Marine  
  22  2:24  Supply Depot  
  22  2:29  SCV  
  23  2:34  Refinery  
  23  2:41  SCV  
  24  2:57  Orbital Command  
  24  2:58  SCV  
  24  2:59  Barracks Reactor  
  25  3:10  SCV  
  26  3:19  Supply Depot  
  26  3:22  Starport, Factory Tech Lab  
  26  3:23  SCV  
  26  3:26  SCV  
  28  3:35  SCV  
  28  3:38  SCV  
  28  3:40  Starport  
  30  3:41  Supply Depot  
  30  3:45  Marine  
  30  3:46  Marine  
  30  3:47  SCV  
  33  3:49  Widow Mine  
  33  3:50  SCV  
  36  3:59  SCV  
  36  4:02  SCV  
  38  4:03  Marine x2  
  38  4:04  Supply Depot  
  38  4:05  Refinery  
  38  4:09  Refinery  
  40  4:11  SCV  
  41  4:21  Marine  
  41  4:53  Medivac x2  
  35  5:17  Marine x2  
  35  5:18  Siege Tank  
  35  5:20  SCV x2  
  42  5:23  Medivac x2  
  46  5:28  Engineering Bay  
  46  5:32  SCV x2  
  46  5:35  Marine x2  
  50  5:44  SCV  
  51  5:51  Siege Tank  
  51  5:53  Marine x2, Viking  
  58  6:10  Marine  
  59  6:13  Marine  
  60  6:21  Armory  
  60  6:24  Engineering Bay  
  60  6:25  Viking  
  62  6:28  Marine  
  62  6:30  Marine  
  64  6:39  Medivac  
  66  6:46  Marine  
  67  6:48  SCV  
  67  6:49  SCV  
  69  6:55  Barracks, Command Center  
  69  6:56  Terran Infantry Weapons Level 1  
  69  7:01  SCV x2  
  71  7:09  Siege Tank  
  71  7:11  Marine x2  
  71  7:12  Barracks  
  71  7:13  SCV x2  
  71  7:15  Terran Infantry Armor Level 1  
  78  7:29  Missile Turret  
  78  7:35  Supply Depot  
  78  7:36  Supply Depot  
  78  7:37  Missile Turret  
  78  7:43  Barracks  
  78  7:50  Missile Turret  
  78  7:56  Marine x2  
  78  7:57  SCV x2, Barracks Tech Lab, Siege Tank  
  85  8:09  SCV x2  
  87  8:14  Marine x2  
  89  8:21  SCV x2  
  89  8:26  Barracks Tech Lab  
  91  8:27  Stimpack  
  91  8:32  Marine  
  91  8:33  SCV x2  
  94  8:45  SCV x2  
  96  8:56  Marauder x2  
  96  8:57  SCV x2  
  96  8:58  Barracks Reactor  
  96  8:59  Marine x2  
  104  9:17  Marauder x2, Marine  
  104  9:18  Orbital Command  
  109  9:25  Supply Depot x2  
  109  9:26  Supply Depot  
  109  9:27  Supply Depot  
  109  9:30  Supply Depot  
  109  9:42  Terran Infantry Armor Level 2, Terran Infantry Weapons Level 2  
  109  9:46  SCV x2, Marauder x2, Marine x2  
  109  9:50  Supply Depot  
  117  9:55  Supply Depot  
  117  9:58  SCV  
  117  10:04  Marine x2  
  119  10:08  Marauder x2  
  119  10:13  Marine x2  
  124  10:17  Concussive Shells  
  124  10:19  Combat Shield  
  124  10:21  Marine x2  
  126  10:29  Marauder x2  
  126  10:31  Marine x2  
  132  10:39  Marine x2, Command Center  
  134  10:49  Marine x2  
  136  10:51  Marauder x2  
  139  11:12  Marauder x2  
  143  11:33  Marauder x2  
  143  11:35  Marine x3  
  143  11:36  Marine  
  151  11:53  Marine x4, Siege Tank  
  158  11:55  Marauder x2  
  158  11:58  Orbital Command  
  158  12:00  SCV x3  
  165  12:11  Marine x4  
  165  12:12  SCV x3  
  172  12:16  Marauder x2  
  176  12:24  SCV x3  
  176  12:28  Marine  
  180  12:30  Siege Tank  
  180  12:40  Marine  
  180  12:42  SCV  
  180  13:02  Supply Depot  
  180  13:06  Supply Depot  
  180  13:17  Refinery  
  180  13:19  Refinery, Supply Depot  
  180  13:20  Supply Depot x2  
  180  13:21  Command Center  
  180  13:22  Supply Depot  
  180  13:24  Starport Tech Lab, Starport Reactor, Marauder, Marine x2, Siege Tank, SCV, Armory  
  180  13:25  Supply Depot  
  188  13:27  Marine x2  
  188  13:28  SCV x3, Marauder, Supply Depot  
  195  13:40  SCV x2  
  197  13:41  Marine x2  
  197  13:44  Supply Depot  
  197  13:46  Marauder, Supply Depot  
  197  13:47  Supply Depot  
  197  13:48  Supply Depot  
  200  13:51  Supply Depot  
  187  13:56  Siege Tank  
  187  13:59  Marauder, Marine x3  
  187  14:00  Marine  
  172  14:07  Marauder  
  164  14:10  Supply Depot  
  164  14:15  Supply Depot  
  152  14:17  Marine x3  
  152  14:18  Marine  
  152  14:20  Marauder  
  143  14:28  Marauder  
  145  14:35  Marine x4  
  149  14:42  Marauder  
  149  14:50  Marauder  
  138  14:53  Marine x4  
  142  15:00  SCV  
  142  15:01  SCV x3  
  142  15:03  Marauder  
  148  15:12  SCV  
  148  15:13  SCV x3  
Show
View Real Time Build Order
Export as new Build Order

qqq Zerg - Winner!

Build Orders: Hatch First, Brood Lord Corruptor 

Get SALT Encoding   

  12  0:01  Drone  
  13  0:08  Drone  
  14  0:37  Hatchery  
  14  0:38  Drone  
  14  0:56  Spawning Pool  
  13  1:07  Overlord  
  13  1:09  Drone  
  14  1:13  Extractor  
  14  1:16  Drone  
  14  1:25  Drone  
  16  1:40  Drone  
  16  1:43  Queen  
  18  1:50  Drone  
  18  1:51  Drone  
  18  1:53  Drone  
  20  2:10  Drone  
  20  2:11  Queen  
  23  2:16  Drone  
  23  2:18  Drone  
  23  2:21  Drone  
  26  2:28  Metabolic Boost  
  26  2:35  Overlord  
  26  2:38  Drone  
  26  2:41  Drone  
  28  2:46  Overlord  
  28  2:55  Zergling x2  
  28  2:58  Drone x2  
  31  3:02  Lair  
  31  3:05  Zergling x2  
  32  3:09  Zergling x2  
  32  3:10  Zergling x2  
  34  3:13  Zergling x2  
  34  3:15  Drone  
  36  3:21  Zergling x2  
  37  3:27  Drone x3  
  37  3:28  Drone  
  37  3:31  Zergling x2  
  42  3:40  Zergling x4  
  44  3:48  Overlord x2  
  44  3:58  Extractor, Drone  
  44  4:02  Overlord  
  44  4:03  Overlord  
  44  4:17  Drone x2  
  44  4:19  Drone x4  
  50  4:25  Spire  
  50  4:28  Drone  
  50  4:30  Extractor  
  49  4:32  Extractor  
  48  4:44  Hatchery  
  47  4:47  Drone, Zergling x2  
  47  4:50  Drone  
  47  4:52  Drone  
  51  5:00  Hatchery  
  50  5:19  Drone x4  
  40  5:31  Zergling x6  
  40  5:32  Zergling x2  
  42  5:41  Drone x2  
  44  5:43  Zerg Flyer Weapons Level 1  
  44  5:45  Mutalisk x2  
  48  5:50  Mutalisk  
  48  5:52  Mutalisk  
  52  6:02  Drone x2  
  54  6:08  Drone x2  
  54  6:10  Drone  
  57  6:17  Mutalisk  
  59  6:22  Mutalisk  
  61  6:28  Mutalisk  
  61  6:30  Drone  
  63  6:35  Mutalisk  
  63  6:38  Drone  
  66  6:48  Drone x3  
  66  6:51  Drone x2  
  71  6:55  Mutalisk  
  71  6:58  Drone  
  74  7:04  Mutalisk  
  74  7:07  Drone  
  77  7:14  Drone x3  
  77  7:15  Drone x2  
  82  7:20  Spine Crawler  
  81  7:23  Spine Crawler  
  75  7:50  Mutalisk x6  
  87  7:52  Drone  
  88  8:03  Infestation Pit  
  88  8:05  Drone  
  88  8:09  Overlord x3  
  88  8:14  Hatchery  
  87  8:27  Drone  
  87  8:28  Drone x5  
  93  8:42  Mutalisk x7  
  93  8:43  Mutalisk  
  93  8:44  Drone  
  111  9:03  Hatchery  
  111  9:07  Mutalisk  
  112  9:10  Hive  
  102  9:40  Drone x5  
  102  9:41  Drone  
  102  9:43  Overlord x5  
  102  9:44  Overlord x3  
  108  10:05  Hatchery  
  107  10:08  Drone x4  
  111  10:19  Drone x3  
  111  10:20  Mutalisk x6  
  104  11:19  Corruptor x2  
  104  11:22  Drone x2, Greater Spire  
  104  11:23  Drone x8  
  104  11:24  Corruptor x4  
  126  11:31  Corruptor  
  126  11:32  Corruptor  
  126  11:33  Drone  
  126  11:37  Spine Crawler x2  
  126  11:38  Drone x3  
  128  11:41  Extractor  
  128  11:43  Extractor  
  126  11:49  Extractor  
  126  11:50  Extractor, Drone  
  126  11:51  Drone x4, Corruptor x2  
  133  12:01  Corruptor x2  
  137  12:09  Drone x3  
  137  12:10  Drone x2  
  127  12:43  Drone x3  
  120  12:49  Brood Lord x4  
  128  12:57  Zerg Flyer Weapons Level 2  
  128  12:58  Hatchery  
  128  13:00  Hatchery  
  128  13:05  Drone x3  
  128  13:06  Drone x3  
  128  13:07  Drone x2  
  131  13:15  Brood Lord  
  131  13:16  Brood Lord  
  133  13:21  Hatchery  
  130  13:30  Hatchery  
  129  13:41  Brood Lord x2  
  133  13:45  Drone x3  
  133  13:48  Zergling x12  
  139  13:51  Brood Lord  
  116  14:11  Brood Lord x3  
  116  14:12  Drone x3  
  116  14:13  Drone  
  126  14:30  Corruptor x3  
  132  14:33  Zergling x6  
  132  14:34  Drone x6  
  139  14:51  Corruptor x2  
  139  14:52  Corruptor  
  143  14:54  Drone x3  
Tags
 
Add a new tag
Caveats
  • Supply blocks, unpowered buildings, or Contaminate may cause inaccurate times.
  • Supply counts are checked every 10 seconds.